Map: Orbital Shipyard

Players

twosox

  • Race: Terran Terran
  • League: Gold

capac - Winner!

  • Race: Terran Terran
  • League: Gold

VOD

Have the link to the VOD?

Description

Time

  • Played on: Dec. 1, 2015, 2:57 p.m.
  • Length: 7:58
Show
View Real Time Build Order
Export as new Build Order

twosox Terran 

Build Orders: Reaper Expand 

Get SALT Encoding   

  12  0:01  SCV  
  13  0:17  Supply Depot  
  13  0:29  SCV  
  13  0:34  Refinery  
  14  0:43  Barracks  
  14  1:01  Barracks  
  14  1:17  Barracks  
  14  1:33  Reaper  
  14  1:37  Supply Depot  
  15  1:49  Reaper  
  16  2:05  Reaper, Orbital Command  
  17  2:15  Reaper  
  17  3:07  Reaper x2  
  18  3:27  SCV  
  18  3:37  Supply Depot  
  18  3:39  SCV  
  17  3:55  Refinery, SCV  
  18  4:00  Command Center  
  18  4:10  SCV  
  18  4:13  Barracks Tech Lab  
  20  4:24  SCV  
  20  4:36  Marauder  
  22  4:38  SCV  
  23  4:57  Marauder  
  25  5:04  Concussive Shells  
  25  5:06  SCV  
  26  5:13  Orbital Command  
  26  5:16  Refinery  
  26  5:18  Barracks  
  26  5:20  Barracks  
  28  5:21  Marauder  
  28  5:22  Factory  
  28  5:26  SCV  
  29  5:29  Barracks  
  29  5:38  SCV  
  30  5:49  SCV  
  31  5:50  Marauder  
  31  5:54  Engineering Bay  
  33  5:59  Barracks Reactor  
  33  6:00  Barracks Tech Lab  
  33  6:03  SCV  
  34  6:09  SCV  
  35  6:11  Factory Reactor  
  35  6:15  SCV  
  35  6:18  Barracks Tech Lab  
  36  6:20  Barracks Reactor  
  36  6:29  SCV x2  
  36  6:30  Sensor Tower  
  36  6:32  Barracks Reactor  
  38  6:33  Sensor Tower  
  38  6:37  Marine x2  
  42  6:48  SCV x2  
  44  6:59  Widow Mine x2  
  46  7:15  Marine  
  46  7:16  Supply Depot  
  46  7:36  Marine  
  46  7:37  Marine, SCV  
  46  7:38  Marine x3, SCV  
  46  7:40  Marine  
Show
View Real Time Build Order
Export as new Build Order

capac Terran - Winner!

Build Orders:  

Get SALT Encoding   

  12  0:01  SCV  
  13  0:13  SCV  
  14  0:17  Supply Depot  
  14  0:25  SCV  
  15  0:39  SCV  
  15  0:40  Barracks  
  16  0:46  Refinery  
  16  0:51  SCV  
  17  1:03  SCV  
  18  1:15  SCV  
  19  1:30  Supply Depot  
  19  1:35  Barracks Reactor  
  19  1:37  Orbital Command  
  19  1:58  Command Center  
  19  2:03  SCV  
  20  2:10  Factory  
  20  2:13  Marine x2  
  22  2:21  SCV  
  23  2:31  Marine x2  
  22  2:49  Marine x2  
  20  3:00  Hellion  
  20  3:07  Marine x2  
  21  3:19  Orbital Command  
  19  3:21  Hellion  
  19  3:24  Marine  
  22  3:29  Marine  
  23  3:42  Marine  
  23  3:47  Marine  
  25  3:53  Starport  
  25  4:00  Marine  
  26  4:16  SCV  
  27  4:20  SCV  
  28  4:26  Marine x2  
  28  4:29  SCV  
  31  4:32  SCV  
  32  4:41  SCV  
  32  4:44  SCV  
  34  4:48  Marine  
  34  4:49  Marine  
  36  4:53  Starport Reactor, Factory Tech Lab, SCV  
  36  4:56  SCV  
  38  5:06  Barracks  
  38  5:16  Siege Tank  
  38  5:17  Marine x2  
  38  5:21  SCV x2  
  45  5:25  Refinery  
  45  5:33  SCV  
  46  5:47  Supply Depot  
  46  5:57  Barracks Tech Lab  
  46  6:08  Marine, Siege Tank, SCV, Medivac x2  
  55  6:14  Supply Depot  
  55  6:15  SCV  
  56  6:20  SCV  
  57  6:27  Supply Depot  
  57  6:33  SCV x2  
  57  6:39  Supply Depot  
  59  6:49  Marine  
  59  6:53  Siege Tank  
  63  6:54  Marine  
  63  6:55  Marine  
  63  6:57  SCV x2  
  67  7:51  Barracks x2  
  70  7:53  Factory  
Tags
 
Add a new tag
Caveats
  • Supply blocks, unpowered buildings, or Contaminate may cause inaccurate times.
  • Supply counts are checked every 10 seconds.